 Dungeon Crawl Stone Soup version 0.26-a0-1213-gd52f5182fe (webtiles) character file.

Game seed: 9813353778273547279

2641 hehateme the Fighter (level 9, -8/64 HPs)
             Began as a Kobold Fighter on Dec 31, 2020.
             Was an Initiate of Gozag.
             Mangled by a two-headed ogre
             ... wielding a +0 giant club
              (14 damage)
             ... on level 8 of the Dungeon.
             The game lasted 00:22:28 (12950 turns).

hehateme the Fighter (Kobold Fighter)              Turns: 12950, Time: 00:22:29

Health: -8/64      AC:  7    Str: 17    XL:     9   Next: 92%
Magic:  9/9        EV:  8    Int: 11    God:    Gozag
Gold:   807        SH:  9    Dex: 14    Spells: 8/8 levels left

rFire    . . .     SeeInvis .   T - +3 demon whip (flame)
rCold    . . .     Faith    .   c - +0 kite shield
rNeg     . . .     Spirit   .   b - +0 scale mail
rPois    .         Reflect  .   (no helmet)
rElec    .         Harm     .   (no cloak)
rCorr    .         Rampage  .   (no gloves)
Will     .....                  (no boots)
Stlth    +.........             (no amulet)
HPRegen  0.20/turn              (no ring)
MPRegen  0.11/turn              (no ring)

@: gold aura
A: small, hooves 1, rugged brown scales 1, clever 1, nightstalker 3
a: Renounce Religion, Potion Petition, Call Merchant, Bribe Branch


You were on level 8 of the Dungeon.
You worshipped Gozag.
Gozag was pleased with you.
You visited 2 branches of the dungeon, and saw 9 of its levels.
You also visited: Sewer.

You collected 920 gold pieces.
You spent 70 gold pieces at shops.
You paid 43 gold pieces to Gozag.

Inventory:

Hand Weapons
 a - a +0 flail
 I - a +1 flail of draining
 T - a +3 demon whip of flaming (weapon)
Missiles
 l - 85 bolts
 m - 3 javelins
 o - 23 poisoned darts
 u - 4 boomerangs
 x - 19 sling bullets
 C - 247 stones (quivered)
 J - a throwing net {=f}
 Q - 123 arrows
Armour
 b - a +0 scale mail (worn)
 c - a +0 kite shield (worn)
 f - a cursed +0 pair of boots
 y - a +2 cloak
 B - a +2 pair of gloves
 P - the +2 leather armour of the New World {*Slow +Fly rN+++ Stlth+, unknown}
   (You found it on level 8 of the Dungeon)

   It renders you almost immune to negative energy.
   It lets you fly.
   It may slow you when you take damage.
   It makes you more stealthy.
Jewellery
 h - a +4 ring of evasion {unknown}
 j - an uncursed ring of stealth {unknown}
 n - an uncursed ring of protection from cold {unknown}
 r - an uncursed ring of protection from cold {unknown}
 z - an uncursed amulet of guardian spirit {unknown}
 M - an uncursed amulet of magic regeneration {unknown}
Wands
 e - a wand of disintegration (14)
 S - a wand of iceblast (5)
Scrolls
 g - 7 scrolls of remove curse
 i - a scroll of identify
 p - 3 scrolls of teleportation
 q - a scroll of noise {!r}
 t - a scroll of brand weapon
 A - 3 scrolls of amnesia
 F - 2 scrolls of enchant armour {unknown}
 G - 3 scrolls of enchant weapon
 H - a scroll of magic mapping {!r}
 K - a scroll of immolation {!r}
 L - a scroll of blinking {!r}
 N - a scroll of holy word {!r}
Potions
 d - 4 potions of flight
 k - a potion of invisibility
 s - 2 potions of mutation {!q}
 v - 2 potions of berserk rage {!q}
 w - 3 potions of curing
 D - a potion of magic
 E - a potion of heal wounds
 O - 2 potions of haste
 R - a potion of attraction {unknown}


   Skills:
 * Level 10.4 Fighting
 * Level 8.5 Maces & Flails
 - Level 2.4 Armour
 - Level 2.4 Shields


You had 8 spell levels left.
You didn't know any spells.
Your spell library contained the following spells:

 Spells                   Type           Power        Failure   Level
 Corona                   Hex            0%           100%        1
 Slow                     Hex            0%           100%        2
 Inner Flame              Hex/Fire       0%           100%        3
 Portal Projectile        Hex/Tloc       0%           100%        3
 Cause Fear               Hex            0%           100%        4
 Leda's Liquefaction      Hex/Erth       0%           100%        4
 Bolt of Magma            Conj/Fire/Erth 0%           100%        5
 Iron Shot                Conj/Erth      0%           100%        6
 Statue Form              Tmut/Erth      0%           100%        6
 Shatter                  Erth           0%           100%        9


Dungeon Overview and Level Annotations

Branches:
Dungeon (8/15)             Temple (1/1) D:4           Sewer (visited)
   Lair: D:8-11

Altars:
Ashenzari
Cheibriados
Dithmenos
Elyvilon
Fedhas
Gozag
Hepliaklqana
Kikubaaqudgha
Makhleb
Nemelex Xobeh
Okawaru
Qazlal
Ru
Sif Muna
Trog
Uskayaw
Vehumet
Wu Jian
Xom
Yredelemnul
Zin
The Shining One

Shops:
D:8 !

Annotations:
D:2 exclusion: downstairs
D:4 exclusion: downstairs
D:6 1 runed translucent door, Crazy Yiuf


Innate Abilities, Weirdness & Mutations

You are small and have problems with some larger weapons.
You are completely attuned to the shadows.
You have large cloven feet.
You are partially covered in rugged brown scales. (AC +1, +3% HP)
Your mind is acute. (Int +2)


Message History

You kill the jelly!
You whack the two-headed ogre! You burn the two-headed ogre.
The two-headed ogre hits you with a +0 giant club!!
You block the two-headed ogre's attack.
You take 18 damage, and have 46/64 hp.
GAME OVER YEAH!!
Aim: a two-headed ogre, wielding two +0 giant clubs (moderately wounded, chance to affect: 48%)
The two-headed ogre resists with some effort.
Aim: a two-headed ogre, wielding two +0 giant clubs (moderately wounded, chance to affect: 48%)
The two-headed ogre resists with some effort.
The two-headed ogre hits you with a +0 giant club.
The two-headed ogre hits you with a +0 giant club!
You take 11 damage, and have 35/64 hp.
Aim: a two-headed ogre, wielding two +0 giant clubs (moderately wounded, chance to affect: 48%)
The two-headed ogre is blasted!!
The two-headed ogre hits you with a +0 giant club!!
* * * LOW HITPOINT WARNING * * *
The two-headed ogre hits you with a +0 giant club!
You die...
Your body crumbles into a pile of gold.

.#.....#.....#.#...#####.
8....)...⌠.⌠.⌠..#....# #.
..#.....#.....#.#....####.
..#[...:#..⌠..#.........#.
###.#####.###........... $
.....#.......#.........
....$#.###.#.#.........
..oO.# #.......#...##
#@###.#.#...#...#
#..##.#.........#
###..##.#.#...##.##
......####.#...
.<.........# ..
.###########

Skill      XL: |  1  2  3  4  5  6  7  8  9 |
---------------+----------------------------+-----
Maces & Flails | 2 3 4 5 6 8 |  8.5
Fighting       | 4 5 6 7 8 10 | 10.4
Armour         | |  2.4
Shields        | |  2.4

Notes
Turn   | Place    | Note
-------+----------+-------------------------------------------
     0 | D:1      | hehateme the Kobold Fighter began the quest for the Orb.
     0 | D:1      | Reached XP level 1. HP: 14/14 MP: 1/1
    80 | D:1      | Reached skill level 2 in Maces & Flails
   259 | D:1      | Reached XP level 2. HP: 13/19 MP: 2/2
  1218 | D:2      | Reached XP level 3. HP: 24/24 MP: 3/3
  1282 | D:2      | Reached skill level 4 in Fighting
  1762 | D:2      | Reached XP level 4. HP: 29/29 MP: 4/4
  1934 | D:3      | Noticed an ogre
  2662 | D:4      | Found a glowing drain.
  2693 | D:4      | Reached skill level 3 in Maces & Flails
  2722 | Sewer    | Entered a sewer
  2981 | Sewer    | HP: 4/30 [sickly merfolk siren/+0 spear (15)]
  2983 | Sewer    | Gained mutation: You have large cloven feet. [potion of
                  | mutation]
  2983 | Sewer    | Gained mutation: Your mind is acute. (Int +2) [potion of
                  | mutation]
  2983 | Sewer    | Gained mutation: You are partially covered in rugged brown
                  | scales. (AC +1, +3% HP) [potion of mutation]
  2987 | Sewer    | Reached XP level 5. HP: 35/35 MP: 5/5
  3191 | Sewer    | Reached skill level 5 in Fighting
  3598 | D:4      | HP: 9/36 [poisoned by a worker ant]
  3881 | D:4      | Found a hazy altar of Hepliaklqana.
  3982 | D:4      | Found a staircase to the Ecumenical Temple.
  3988 | Temple   | Entered the Ecumenical Temple
  4196 | Temple   | Became a worshipper of Gozag Ym Sagoz the Greedy
  4240 | D:5      | Entered Level 5 of the Dungeon
  4244 | D:5      | Noticed an ogre
  4528 | D:5      | Noticed an ogre
  4617 | D:5      | Reached skill level 4 in Maces & Flails
  4617 | D:5      | Reached XP level 6. HP: 35/41 MP: 6/6
  4708 | D:6      | HP: 10/42 [gnoll/+0 spear (4)]
  4955 | D:5      | Reached skill level 6 in Fighting
  5153 | D:6      | Noticed an ice beast
  5457 | D:5      | Noticed an ogre
  5492 | D:4      | Reached XP level 7. HP: 16/47 MP: 7/7
  5778 | D:5      | HP: 9/47 [phantom (7)]
  5779 | D:5      | HP: 4/47 [phantom (5)]
  6130 | D:5      | Noticed Dowan
  6186 | D:5      | Killed Dowan
  6187 | D:5      | Reached skill level 5 in Maces & Flails
  6842 | D:3      | Found a glowing golden altar of the Shining One.
  7534 | D:4      | Reached skill level 7 in Fighting
  7958 | D:5      | Reached XP level 8. HP: 54/54 MP: 8/8
  8043 | D:5      | Found a sacrificial altar of Ru.
  8274 | D:5      | Reached skill level 6 in Maces & Flails
  8275 | D:5      | Noticed Duvessa
  8505 | D:6      | HP: 3/55 [ice beast (11)]
  8907 | D:6      | Reached skill level 8 in Fighting
  9949 | D:5      | Killed Duvessa
 10212 | D:5      | Reached XP level 9. HP: 32/61 MP: 9/9
 10366 | D:6      | Reached skill level 7 in Maces & Flails
 10411 | D:6      | Reached skill level 9 in Fighting
 10580 | D:6      | Noticed Grinder
 10599 | D:6      | Killed Grinder
 10792 | D:6      | Found a runed translucent door.
 10795 | D:6      | Noticed Crazy Yiuf
 11826 | D:7      | Reached skill level 8 in Maces & Flails
 12023 | D:7      | Reached skill level 10 in Fighting
 12411 | D:7      | Found a hide-covered altar of Uskayaw.
 12411 | D:7      | Found a radiant altar of Vehumet.
 12411 | D:7      | Found a snail-covered altar of Cheibriados.
 12421 | D:7      | Identified a scroll of acquirement
 12423 | D:7      | Acquired a +3 demon whip of flaming
 12662 | D:8      | Found Boazao's Distillery.
 12666 | D:8      | Bought a potion of heal wounds for 70 gold pieces
 12715 | D:8      | Got a jewelled leather armour
 12944 | D:8      | Noticed a two-headed ogre
 12950 | D:8      | HP: 6/64 [two-headed ogre/+0 giant club (29)]
 12950 | D:8      | Mangled by a two-headed ogre

Table legend: (Time is in decaauts)
 A = Elapsed time spent in this place.
 B = Non-inter-level travel time spent in this place.
 C = Inter-level travel time spent in this place.
 D = Time resting spent in this place.
 E = Time spent auto-exploring this place.
 F = Levels seen in this place.
 G = Mean time per level.
                   A        B        C        D        E       F      G
               +--------+--------+--------+--------+--------+-----+--------+
         Total |  13179 |  12453 |    726 |   4155 |   5620 |  10 | 1317.9 |
       Dungeon |  12209 |  11517 |    692 |   4067 |   5130 |   8 | 1526.1 |
        Temple |    244 |    210 |     34 |      0 |    195 |   1 |  244.0 |
         Sewer |    725 |    725 |      0 |     87 |    294 |   1 |  725.0 |
               +--------+--------+--------+--------+--------+-----+--------+

Top non-repeatable levels by time:
     D:5: 3667 daAuts
     D:6: 1934 daAuts
     D:4: 1505 daAuts
     D:3: 1241 daAuts
     D:2: 1206 daAuts
     D:7: 1139 daAuts
     D:1: 1018 daAuts
   Sewer: 725 daAuts
     D:8: 496 daAuts
  Temple: 244 daAuts

Table legend:
 A = Kills in this place as a percentage of kills in entire the game.
 B = Kills by you in this place as a percentage of kills by you in the entire game.
 C = Kills by friends in this place as a percentage of kills by friends in the entire game.
 D = Other kills in this place as a percentage of other kills in the entire game.
 E = Experience gained in this place as a percentage of experience gained in the entire game.
 F = Experience gained in this place divided by the number of levels of this place that you have seen.
                   A       B       C       D       E      F
               +-------+-------+-------+-------+-------+----------------------
         Total | 100.0 | 100.0 |   N/A |   N/A | 100.0 | 377.3
       Dungeon |  78.4 |  78.4 |   N/A |   N/A |  97.3 | 458.9
         Sewer |  21.6 |  21.6 |   N/A |   N/A |   2.7 | 102.0
               +-------+-------+-------+-------+-------+----------------------

Action                   |  1- 3 |  4- 6 |  7- 9 || total
-------------------------+-------+-------+-------++-------
Melee: Flail             |    87 |   192 |   245 ||   524
       Kick              |       |    29 |    76 ||   105
       Demon whip        |       |       |    25 ||    25
Throw: Stone             |    22 |    79 |    43 ||   144
       Dart              |       |     8 |    70 ||    78
Evoke: Wand              |       |       |     3 ||     3
  Use: Potion            |       |     5 |     4 ||     9
       Scroll            |       |       |    13 ||    13
 Stab: Invisible         |       |       |     2 ||     2
       Distracted        |       |       |     1 ||     1
Armor: Scale mail        |    42 |    65 |    84 ||   191
       Skin              |       |     6 |       ||     6
Dodge: Dodged            |    39 |    51 |    87 ||   177
Block: Kite shield       |    38 |    94 |   116 ||   248

Vanquished Creatures
  Grinder (D:6)
  Duvessa (D:5)
  An ice beast (D:6)
  A sky beast (D:5)
  A black bear (D:8)
  A phantom (D:5)
  An orc warrior (D:6)
  A hornet zombie (D:8)
  5 ogres
  3 centaurs
  A wyvern zombie (D:7)
  A bullfrog (D:7)
  Dowan (D:5)
  A scorpion (D:5)
  3 wights
  A quasit (D:7)
  3 hounds
  2 jellies
  A gnoll shaman (D:5)
  An orc priest (D:7)
  3 orc wizards
  3 iguanas
  2 worker ants
  A merfolk siren (Sewer)
  A hound skeleton (D:5)
  4 adders
  12 gnolls
  2 river rats (Sewer)
  A white imp (D:7)
  An ufetubus (D:5)
  An adder zombie (D:7)
  3 worms
  2 dart slugs
  6 leopard geckos
  10 orcs
  5 ball pythons
  8 giant cockroaches
  6 goblins
  8 hobgoblins
  3 jackals (D:4)
  A kobold (D:3)
  2 quokkas
  8 bats
  7 frilled lizards
  A giant cockroach zombie (D:5)
  A jackal skeleton (D:8)
  A jackal zombie (D:6)
  A quokka skeleton (D:4)
  27 rats
162 creatures vanquished. You could see a two-headed ogre and an orc.

Levels and vault maps discovered:
D:1:      giann_bridges, layout_basic
D:2:      layout_basic
D:3:      kennysheep_big_flooded_room, layout_basic, tso_metal_star,
          minmay_statues_item
D:4:      layout_rooms, nzn_hepliaklqana_mist_gate,
          minmay_temple_entry_junction_2, cheibrodos_sewer_entry_bend
D:5:      layout_loops_ring, nicolae_ru_sacrificial_ziggurat,
          kennysheep_generic_room_14, uniq_duvessa
D:6:      layout_rooms, uniq_crazy_yiuf_cottage, uniq_grinder
D:7:      layout_cave_pools, gammafunk_temple_overflow_claw, st_stairs_5
D:8:      layout_basic, serial_shops, shop, minmay_chambers_of_fives
Temple:   nicolae_temple_elliptical
